AoeStats
← Diego Fields

Arena

510248845Analyzed
1v1 RM · 7h ago on Sep 30, 2026· 55m 54s· 2 players
Game mode
Random Map
Map size
Tiny (2 player)
Population
200
Speed
Normal
Resources
Standard
Victory
Conquest
Starting age
Dark Age
Ending age
Imperial Age
RankedLock teamsTeams togetherTeam positionsShared explorationLock speedFull tech treeHidden civsTurbo modeCheats
Victory
Defeat
🇲🇽 Varangians · Mexico
801
+16
🇲🇽 Wei · Mexico
811
-16
Diego Fields
12:04 Feudal Age
16:38 Castle Age
17:45 Stone Mining
17:45 Double-Bit Axe
19:13 Loom
20:46 Horse Collar
21:27 Heavy Plow
27:09 Town Watch
28:29 Wheelbarrow
29:34 Stone Shaft Mining
28:53 Gold Mining
30:53 Town Patrol
31:16 Hand Cart
32:50 Treadmill Crane
33:31 Ballistics
36:58 Imperial Age
35:41 Scale Barding Armor
35:26 Fletching
35:36 Padded Archer Armor
35:51 Masonry
35:37 Murder Holes
35:52 Fortified Wall
36:42 Chain Barding Armor
37:21 Elite Jarl
37:50 Gothikon
38:51 Conscription
39:56 Plate Barding Armor
39:16 Bodkin Arrow
39:36 Leather Archer Armor
39:53 Architecture
40:26 Chemistry
41:13 Architecture
40:50 Capped Ram
43:11 Bracer
43:41 Ring Archer Armor
42:52 Vendel Legacy
43:46 Forging
43:36 Scale Mail Armor
43:46 Siege Engineers
48:22 Gambesons
48:37 Squires
48:22 Arson
47:58 Elite Varangian Guard
50:30 Iron Casting
50:10 Chain Mail Armor
[oMXo]Gabobrice
5:39 Loom
5:53 Loom
13:24 Feudal Age
14:58 Double-Bit Axe
15:17 Horse Collar
15:15 Man-at-Arms
15:59 Stone Mining
16:28 Gold Mining
17:22 Arson
22:20 Castle Age
20:51 Fletching
21:57 Forging
22:23 Bloodlines
23:37 Wheelbarrow
22:49 Town Watch
23:00 Light Cavalry
24:54 Stone Shaft Mining
24:24 Heavy Plow
25:40 Bow Saw
26:09 Gold Shaft Mining
25:44 Treadmill Crane
26:29 Ballistics
26:05 Murder Holes
28:06 Bodkin Arrow
28:05 Elite Skirmisher
28:53 Squires
29:09 Scale Barding Armor
29:14 Guard Tower
29:38 Tuntian
30:47 Hand Cart
31:40 Fervor
35:59 Imperial Age
33:46 Husbandry
34:41 Iron Casting
35:04 Chain Barding Armor
36:24 Heavy Hei Guang Cavalry
37:39 Conscription
39:56 Conscription
43:08 Parthian Tactics
43:12 Block Printing
43:54 Crop Rotation
45:09 Bracer
46:46 Ming Guang Armor
47:00 Elite Tiger Cavalry
Connection lost

Rejoining the realm…

Still unreachable

The connection could not be restored.

Session expired

The server has moved on; the page needs a fresh start.